 Dungeon Crawl Stone Soup version 0.27-a0-652-g2d5cf1dcd3 (webtiles) character file.

Game seed: 6787978350626161187

274 Ijustatesigmund the Chopper (level 6, -15/72 HPs)
             Began as a Demonspawn Fighter on Mar 16, 2021.
             Demolished by an ogre
             ... wielding a +0 giant spiked club
              (21 damage)
             ... on level 4 of the Dungeon.
             The game lasted 00:05:21 (3391 turns).

Ijustatesigmund the Chopper (Demonspawn Fighter)    Turns: 3391, Time: 00:05:21

Health: -15/72     AC: 23    Str: 16    XL:     6   Next: 3%
Magic:  6/6        EV:  2    Int:  9    God:
Gold:   237        SH:  9    Dex: 15    Spells: 5/5 levels left

rFire    . . .     SeeInvis .   a - +1 war axe
rCold    . . .     Faith    .   c - +0 kite shield
rNeg     + + +     Spirit   .   (armour currently unavailable)
rPois    +         Reflect  .   (helmet currently unavailable)
rElec    .         Harm     .   (cloak currently unavailable)
rCorr    .         Rampage  .   (gloves currently unavailable)
Will     .....     NoTele   +   (boots currently unavailable)
Stlth    +.........             (no amulet)
HPRegen  0.22/turn              (no ring)
MPRegen  0.20/turn              (no ring)

@: tree-form
A: stationary, stasis, torment immunity, boosted hp, (talons 2), (large bone
plates 1), magic regeneration
a: no special abilities


You were on level 4 of the Dungeon.
You were a tree.
You visited 1 branch of the dungeon, and saw 4 of its levels.

You collected 237 gold pieces.

Inventory:

Hand Weapons
 a - a +1 war axe (weapon)
Armour
 b - a +0 scale mail (melded)
 c - a +0 kite shield (worn)
Jewellery
 e - a ring of ice
Wands
 i - a wand of polymorph (17)
Scrolls
 g - 2 scrolls of identify
 j - a scroll of teleportation
Potions
 k - a potion of attraction


   Skills:
 + Level 4.2 Fighting
 * Level 4.2 Axes
 - Level 2.6 Armour
 + Level 2.4 Dodging
 - Level 2.6 Shields


You had 5 spell levels left.
You didn't know any spells.
Your spell library contained the following spells:

 Spells                   Type           Power      Damage    Failure   Level
 Confusing Touch          Hex            0%         N/A       99%         3
 Gell's Gravitas          Tloc           0%         N/A       99%         3
 Petrify                  Tmut/Erth      0%         N/A       100%        4
 Metabolic Englaciation   Hex/Ice        0%         N/A       100%        5
 Yara's Violent Unravell  Hex/Tmut       0%         3d3       100%        5


Dungeon Overview and Level Annotations

Branches:
Dungeon (4/15)
 Temple: D:4-7

Altars:
Makhleb
Qazlal
Zin
The Shining One


Innate Abilities, Weirdness & Mutations

You are a tree.
Your roots penetrate the ground, keeping you stationary.
You cannot be teleported.
You are immune to unholy pain and torment.
Your maximum health is greatly increased.
Your equipment is partially melded.
((You have razor-sharp toenails.))
((You are partially covered in large bone plates. (SH +4)))
You regenerate magic rapidly.


Message History

You hit the ogre.
The ogre is moderately wounded.
You slash the adder!
You kill the adder!
You barely miss the leopard gecko.
The leopard gecko bites you but does no damage.
The ogre hits you with a +0 giant spiked club.
* * * LOW HITPOINT WARNING * * *
The leopard gecko bites you but does no damage.
The ogre hits you with a +0 giant spiked club.
* * * LOW HITPOINT WARNING * * *
You have reached level 6!
Your experience leads to an increase in your attributes!
Increase (S)trength, (I)ntelligence, or (D)exterity?
You feel agile.
Your demonic ancestry asserts itself...
Your toenails lengthen and sharpen.
You barely miss the ogre.
The ogre is moderately wounded.
You slash the leopard gecko!
You kill the leopard gecko!
You block the ogre's attack.
You barely miss the ogre.
The ogre is moderately wounded.
You block the ogre's attack. The ogre hits you but does no damage.
You barely miss the ogre.
The ogre is moderately wounded.
The ogre hits you with a +0 giant spiked club.
* * * LOW HITPOINT WARNING * * *
You slash the ogre!
The ogre is severely wounded.
The ogre hits you but does no damage. x2
You barely miss the ogre.
The ogre is severely wounded.
You block the ogre's attack.
Your shield prevents you from hitting the ogre.
The ogre is severely wounded.
The ogre hits you with a +0 giant spiked club!
* * * LOW HITPOINT WARNING * * *
The ogre hits you with a +0 giant spiked club!!
You die...

#....# #..<.#
#....# #....#
######....#
####...<#....##
.☼§.....#.....###
.☼§.....#†.......
§.°......♣O......
####....##.##....
#....# .# ...
#.#### ## # #. #.


You could see an ogre.

Vanquished Creatures
  A howler monkey (D:3)
  Jessica (D:2)
  Terence (D:2)
  2 orc wizards (D:3)
  A hound skeleton (D:2)
  A gnoll (D:1)
  6 adders
  2 leopard geckos
  4 orcs (D:3)
  3 giant cockroaches
  6 goblins
  10 hobgoblins
  3 jackals (D:1)
  8 bats
  2 frilled lizards
  6 kobolds
  2 rats (D:2)
59 creatures vanquished.

Vanquished Creatures (others)
  3 plants (D:3)
3 creatures vanquished.

Grand Total: 62 creatures vanquished

Notes
Turn   | Place    | Note
-------+----------+-------------------------------------------
     0 | D:1      | Ijustatesigmund the Demonspawn Fighter began the quest for
                  | the Orb.
     0 | D:1      | Reached XP level 1. HP: 18/18 MP: 1/1
   418 | D:1      | Gained mutation: You have sharp toenails. [demonic
                  | ancestry]
   418 | D:1      | Reached XP level 2. HP: 18/24 MP: 2/2
   858 | D:2      | Found a stormy altar of Qazlal.
   934 | D:2      | Reached skill level 1 in Dodging
   990 | D:2      | Gained mutation: You regenerate magic rapidly. [demonic
                  | ancestry]
   990 | D:2      | Reached XP level 3. HP: 29/29 MP: 3/3
  1068 | D:2      | HP: 1/29 [goblin/+0 club (1)]
  1507 | D:2      | Noticed Jessica
  1527 | D:2      | Killed Jessica
  1767 | D:2      | Reached XP level 4. HP: 35/35 MP: 4/4
  1970 | D:2      | Found a burning altar of Makhleb.
  1970 | D:2      | Noticed a balrug
  1976 | D:2      | Noticed an angel
  2005 | D:2      | Noticed Terence
  2014 | D:2      | Killed Terence
  2424 | D:3      | Gained mutation: You are partially covered in large bone
                  | plates. (SH +4) [demonic ancestry]
  2424 | D:3      | Reached XP level 5. HP: 34/42 MP: 5/5
  3377 | D:4      | Noticed an ogre
  3386 | D:4      | Gained mutation: You have razor-sharp toenails. [demonic
                  | ancestry]
  3386 | D:4      | Reached XP level 6. HP: 17/48 MP: 6/6
  3391 | D:4      | Demolished by an ogre

Illustrated notes

Levels and vault maps discovered:
D:1:      saegor_arrival_simple_a, layout_loops_ring
D:2:      layout_basic, grunt_temple_overflow_order_and_chaos_2,
          nicolae_qazlal_general_emergency, uniq_terence, uniq_jessica
D:3:      layout_rooms, tso_oasis_becter
D:4:      layout_rooms, lemuel_flame_loot_1

Skill      XL: |  1  2  3  4  5 |
---------------+----------------+-----
Axes           | 2 3 4 |  4.2
Dodging        | 1 2 |  2.4
Fighting       | 4 |  4.2
Armour         | |  2.6
Shields        | |  2.6

Action                   |  1- 3 |  4- 6 || total
-------------------------+-------+-------++-------
Melee: War axe           |    76 |   108 ||   184
       Kick              |    13 |    29 ||    42
       Unarmed           |       |     1 ||     1
  Use: Scroll            |     5 |     3 ||     8
       Potion            |       |     4 ||     4
Armor: Scale mail        |    21 |    55 ||    76
       Skin              |       |     8 ||     8
Dodge: Dodged            |    25 |    30 ||    55
Block: Kite shield       |    32 |    75 ||   107

Table legend: (Time is in decaauts)
 A = Elapsed time spent in this place.
 B = Non-inter-level travel time spent in this place.
 C = Inter-level travel time spent in this place.
 D = Time resting spent in this place.
 E = Time spent auto-exploring this place.
 F = Levels seen in this place.
 G = Mean time per level.
                   A        B        C        D        E       F      G
               +--------+--------+--------+--------+--------+-----+--------+
         Total |   3498 |   3419 |     79 |   1017 |   1887 |   4 |  874.5 |
       Dungeon |   3498 |   3419 |     79 |   1017 |   1887 |   4 |  874.5 |
               +--------+--------+--------+--------+--------+-----+--------+

Top non-repeatable levels by time:
     D:2: 1733 daAuts
     D:1: 875 daAuts
     D:3: 864 daAuts
     D:4: 24 daAuts
